 Dungeon Crawl Stone Soup version 0.27-a0-1206-g6342a01c75 (webtiles) character file.

Game seed: 12100130592483564925

60 Ancestrald the Charlatan (level 3, -3/23 (28) HPs)
             Began as a Draconian Artificer on June 5, 2021.
             Slain by a necrophage (4 damage)
             ... on level 3 of the Dungeon.
             The game lasted 00:06:23 (2349 turns).

Ancestrald the Charlatan (Draconian Artificer)      Turns: 2349, Time: 00:06:23

HP:   -3/23 (28)    AC:  5    Str: 15    XL:     3   Next: 82%
MP:   3/3           EV: 12    Int: 11    God:
Gold: 88            SH:  0    Dex: 11    Spells: 2/2 levels left

rFire    . . .     SeeInvis .   g - +2 dagger (holy)
rCold    . . .     Faith    .   (no shield)
rNeg     . . .     Spirit   .   (armour unavailable)
rPois    .         Reflect  .   (helmet restricted)
rElec    .         Harm     .   (no cloak)
rCorr    .         Rampage  .   (no gloves)
Will     .....                  (no boots)
Stlth    +.........             (no amulet)
HPRegen  0.07/turn              (no ring)
MPRegen  0.08/turn              (no ring)

@: heavily drained
A: AC +5, unfitting armour, cold-blooded
a: no special abilities


You were on level 3 of the Dungeon.
You visited 1 branch of the dungeon, and saw 3 of its levels.

You collected 88 gold pieces.

Inventory:

Hand Weapons
 a - a +0 club
 g - a +2 dagger of holy wrath (weapon)
 l - a +0 hunting sling
Missiles
 f - 23 arrows
 k - 22 bolts
 v - 34 stones
 y - 26 sling bullets
Armour
 h - a +0 helmet
 o - a +0 leather armour
Jewellery
 x - a ring of poison resistance
Wands
 c - a wand of charming (10) (quivered)
Scrolls
 b - 2 scrolls of noise {unknown}
 j - 3 scrolls of vulnerability {unknown}
 n - a scroll of amnesia {unknown}
 p - a scroll of identify {unknown}
 w - a scroll of silence {unknown}
Potions
 e - 2 potions of invisibility {unknown}
 i - a potion of lignification {unknown}
 m - a potion of might {unknown}
 q - a potion of brilliance {unknown}
 r - a potion of heal wounds {unknown}
 s - 2 potions of attraction {unknown}
 t - 2 potions of degeneration {unknown}
 u - a potion of curing {unknown}
Miscellaneous
 d - a piece from Xom's chessboard (15/15)


   Skills:
 * Level 1.6 Fighting
 * Level 1.1 Short Blades
 * Level 2.9 Dodging
 + Level 1.1 Stealth
 + Level 3.6 Evocations


You had 2 spell levels left.
You didn't know any spells.
Your spell library was empty.

Dungeon Overview and Level Annotations

Branches:
Dungeon (3/15)

Altars:

Shops:
D:1 ::=


Innate Abilities, Weirdness & Mutations

Your plain brown scales are hard. (AC +5)
You cannot fit into any form of body armour.
You are cold-blooded and may be slowed by cold attacks.


Message History

You barely miss the necrophage. The necrophage hits you.
* * * LOW HITPOINT WARNING * * *
You feel drained.
You hit the necrophage.
The necrophage convulses.
The necrophage is moderately damaged.
You closely miss the necrophage.
The necrophage is moderately damaged.
The necrophage hits you.
* * * LOW HITPOINT WARNING * * *
You barely miss the necrophage.
The necrophage is moderately damaged.
The necrophage hits you.
* * * LOW HITPOINT WARNING * * *
You feel drained.
You hit the necrophage.
The necrophage convulses.
The necrophage is heavily damaged.
The necrophage misses you.
You hit the necrophage.
The necrophage convulses.
The necrophage is heavily damaged.
The necrophage hits you but does no damage.
You hit the necrophage.
The necrophage convulses.
The necrophage is severely damaged.
The necrophage hits you.
* * * LOW HITPOINT WARNING * * *
You feel drained.
You hit the necrophage but do no damage.
The necrophage is severely damaged.
The necrophage closely misses you.
You barely miss the necrophage.
The necrophage is severely damaged.
The necrophage hits you but does no damage.
You barely miss the necrophage.
You tail-slap the necrophage, but do no damage.
The necrophage is severely damaged.
The necrophage hits you.
* * * LOW HITPOINT WARNING * * *
You barely miss the necrophage.
The necrophage is severely damaged.
The necrophage hits you.
You die...

.......#?## # #.##
#..........# .# ####..#
##.......#.$##.# ......
............... #...#
#..##.$.......
#...#####...#...!..# ≈
#...........#....?.#
≈...#...........#......# #
......)...n@..>........## .#
.......#.).....#.##.##..##.#
...............#.##.###....#
.......#...(........##...###
.........................<#
.......#.......##...#..#..#
.....#.#..................#
.......#.#=...##.##.#####.#
##.. #.# #..


You could see a necrophage.

Vanquished Creatures
  A hound zombie (D:3)
  An ufetubus (D:3)
  A worm (D:2)
  A dart slug (D:1)
  5 bats
  2 endoplasms
  2 giant cockroaches
  4 goblins
  4 hobgoblins
  2 jackals (D:2)
  6 kobolds
  2 ball pythons
  A frilled lizard (D:2)
  2 rats (D:2)
34 creatures vanquished.

Vanquished Creatures (others)
  An orc (D:3)
1 creature vanquished.

Grand Total: 35 creatures vanquished

Notes
Turn   | Place    | Note
-------+----------+-------------------------------------------
     0 | D:1      | Ancestrald the Draconian Artificer began the quest for the
                  | Orb.
     0 | D:1      | Reached XP level 1. HP: 16/16 MP: 1/1
   124 | D:1      | Found Files's Jewellery Boutique.
   124 | D:1      | Found a faded altar of an unknown god.
   212 | D:1      | Found Riesh's Book Shoppe.
   254 | D:1      | Found Ukumiun's Assorted Antiques.
   335 | D:1      | Reached XP level 2. HP: 23/23 MP: 2/2
   386 | D:1      | Found Fiph's Book Emporium.
   795 | D:2      | Reached skill level 1 in Stealth
  1531 | D:2      | Reached XP level 3. HP: 21/28 MP: 3/3
  2279 | D:3      | Reached skill level 1 in Short Blades
  2324 | D:3      | Noticed a necrophage
  2348 | D:3      | HP: 1/23 [necrophage (4)]
  2349 | D:3      | Slain by a necrophage

Illustrated notes

Levels and vault maps discovered:
D:1:      lemuel_arrival_funnel, layout_rooms, ebering_ecumenical_altar_hall,
          serial_shops, nicolae_shop_crystal,
          nicolae_shop_competitors_out_of_business, nicolae_shop_behind_doors,
          shop
D:2:      layout_loops_corners
D:3:      cheibrodos_thug_alley, layout_rooms, marbit_many_paths

Skill      XL: |  1  2  3 |
---------------+----------+-----
Stealth        | 1 |  1.1
Short Blades   | 1 |  1.1
Fighting       | |  1.6
Dodging        | |  2.9
Evocations     | |  3.6

Action                   || total
-------------------------++-------
Melee: Club              ||     1
       Dagger            ||   136
       Tailslap          ||    10
Evoke: Wand              ||    20
 Stab: Sleeping          ||     1
Armor: Skin              ||    58
Dodge: Dodged            ||   108

Table legend: (Time is in decaauts)
 A = Elapsed time spent in this place.
 B = Non-inter-level travel time spent in this place.
 C = Inter-level travel time spent in this place.
 D = Time resting spent in this place.
 E = Time spent auto-exploring this place.
 F = Levels seen in this place.
 G = Mean time per level.
                   A        B        C        D        E       F      G
               +--------+--------+--------+--------+--------+-----+--------+
         Total |   2345 |   2345 |      0 |      0 |   1758 |   3 |  781.7 |
       Dungeon |   2345 |   2345 |      0 |      0 |   1758 |   3 |  781.7 |
               +--------+--------+--------+--------+--------+-----+--------+

Top non-repeatable levels by time:
     D:2: 1784 daAuts
     D:1: 451 daAuts
     D:3: 109 daAuts
